 Dungeon Crawl Stone Soup version 0.27.1-3-gb3d3a73c9e (webtiles) character file.

Game seed: 12914115286446011352

142 Urokeeper the Bolt Thrower (level 5, -7/33 HPs)
             Began as a Kobold Hunter on Oct 19, 2021.
             Mangled by an ogre (11 damage)
             ... on level 4 of the Dungeon.
             The game lasted 00:04:25 (2728 turns).

Urokeeper the Bolt Thrower (Kobold Hunter)          Turns: 2728, Time: 00:04:26

Health: -7/33      AC:  9    Str: 10    XL:     5   Next: 49%
Magic:  5/5        EV:  7    Int: 12    God:
Gold:   117        SH:  0    Dex: 16    Spells: 4/4 levels left

rFire    . . .     SeeInvis .   a - +1 hand crossbow
rCold    . . .     Faith    .   (shield restricted)
rNeg     . . .     Spirit   .   p - +0 chain mail
rPois    .         Reflect  .   (no helmet)
rElec    .         Harm     .   (no cloak)
rCorr    .         Rampage  .   g - +0 pair of gloves
Will     .....                  (no boots)
Stlth    ..........             (no amulet)
HPRegen  0.11/turn              (no ring)
MPRegen  0.09/turn              (no ring)

@: no status effects
A: small, no large weapons, nightstalker 3
a: no special abilities


You were on level 4 of the Dungeon.
You visited 1 branch of the dungeon, and saw 4 of its levels.

You collected 117 gold pieces.

Inventory:

Hand Weapons
 a - a +1 hand crossbow (weapon)
 b - a +0 short sword
Missiles
 d - 15 bolts (quivered ammo)
Armour
 c - a +0 leather armour
 g - a +0 pair of gloves (worn)
 h - a +0 scale mail
 p - a +0 chain mail (worn)
Jewellery
 l - a ring of magical power
 q - the ring of Kanes {rN+ Dex+2}
   (You found it on level 4 of the Dungeon)

   [ring of positive energy]

   Dex:       It affects your dexterity (+2).
   rN:        It protects you from negative energy.
Wands
 o - a wand of iceblast (6)
Scrolls
 f - a scroll of teleportation
 i - a scroll of identify {unknown}
 j - a scroll of blinking {unknown}
 n - 2 scrolls of magic mapping {unknown}
Potions
 e - 3 potions of berserk rage {unknown}
 k - a potion of flight {unknown}
 m - a potion of haste {unknown}


   Skills:
 + Level 3.8 Fighting
 + Level 5.9 Crossbows
 + Level 4.1 Dodging
 - Level 1.3 Stealth


You had 4 spell levels left.
You didn't know any spells.
Your spell library contained the following spells:

 Spells                   Type           Power      Damage    Failure   Level
 Animate Dead             Necr           0%         N/A       100%        4
 Iskenderun's Battlesphe  Conj           0%         2d6       100%        5
 Iron Shot                Conj/Erth      0%         9d1       100%        6
 Haunt                    Necr/Summ      0%         N/A       100%        7
 Spellforged Servitor     Conj/Summ      0%         N/A       100%        7
 Infestation              Necr           0%         N/A       100%        8


Dungeon Overview and Level Annotations

Branches:
Dungeon (4/15)
 Temple: D:4-7

Altars:

Annotations:
D:3 3 runed translucent doors, BuzzyBeetle's ghost, amateur DrAE


Innate Abilities, Weirdness & Mutations

You are small and have problems with some larger weapons.
You are completely attuned to the shadows.


Message History

You kill the jackal!
No target in view!
No target in view!
HP restored. 2 jackals come into view.
The jackal barks! x2; You hear a shout!
You see here a bolt.
There are monsters nearby!
There are monsters nearby!
There are monsters nearby!
There are monsters nearby!
You shoot a bolt. The bolt hits the jackal!
You kill the jackal!
You shoot a bolt. The bolt barely misses the jackal.
The jackal bites you but does no damage.
The jackal closely misses you.
An ogre comes into view. It is wielding a +0 giant spiked club.
You shoot a bolt. The bolt closely misses the jackal.
The jackal bites you but does no damage. x2
You shoot a bolt. The bolt barely misses the jackal.
The jackal closely misses you.
An orc comes into view. It is wielding a +0 club.
You shoot a bolt. The orc shouts!
The bolt hits the jackal!
You kill the jackal!
You hear a shout! x2
You shoot a bolt. The bolt hits the ogre.
The ogre is lightly wounded.
The ogre hits you with a +0 giant spiked club!
An orc comes into view. It is wielding a +0 dagger.
You shoot a bolt.
The bolt hits the ogre but does no damage.
The ogre is lightly wounded.
The ogre hits you with a +0 giant spiked club!
* * * LOW HITPOINT WARNING * * *
The orc completely misses you.
An orc priest comes into view. It is wielding a +0 flail.
The ogre hits you with a +0 giant spiked club!
You die...

#..........##.....
#.......#. .......
...........#......
.##.........
#......
..#.##......
.......
....#.......
.#..##.
###..#......
####..
##........... #..
....O@....... #..
....(.....[. #..
..(o....#### ..#.
#.. ..(.o...#
....###..
.(......o
.....##..
#........
.....#...
....<...#
.###....# .......


You could see an ogre, an orc priest and 2 orcs.

Vanquished Creatures
  Natasha (twice) (D:2)
  3 gnolls (D:3)
  An adder (D:3)
  3 worms
  A dart slug (D:2)
  4 endoplasms
  A giant cockroach (D:3)
  4 goblins
  3 hobgoblins
  10 jackals
  2 quokkas (D:3)
  2 ball pythons (D:1)
  3 bats
  A frilled lizard (D:1)
  3 kobolds
  3 rats
46 creatures vanquished.

Notes
Turn   | Place    | Note
-------+----------+-------------------------------------------
     0 | D:1      | Urokeeper the Kobold Hunter began the quest for the Orb.
     0 | D:1      | Reached XP level 1. HP: 12/12 MP: 1/1
   416 | D:1      | Reached skill level 5 in Crossbows
   416 | D:1      | Reached XP level 2. HP: 15/18 MP: 2/2
  1150 | D:2      | Reached XP level 3. HP: 22/22 MP: 3/3
  1153 | D:2      | Noticed Natasha
  1156 | D:2      | Killed Natasha
  1266 | D:2      | Reached XP level 4. HP: 28/28 MP: 4/4
  1339 | D:2      | Noticed Natasha
  1343 | D:2      | Killed Natasha
  1665 | D:2      | Found a faded altar of an unknown god.
  1905 | D:3      | Found a runed translucent gate.
  1906 | D:3      | Found a runed translucent gate.
  1907 | D:3      | Found a runed translucent gate.
  1946 | D:3      | Reached XP level 5. HP: 32/32 MP: 5/5
  2597 | D:3      | Noticed BuzzyBeetle's ghost (amateur DrAE)
  2685 | D:4      | Identified the ring of Kanes {rN+ Dex+2}
  2722 | D:4      | Noticed an ogre
  2728 | D:4      | Mangled by an ogre

Illustrated notes

Levels and vault maps discovered:
D:1:      lemuel_arrival_broad_hall, layout_basic
D:2:      layout_loops_ring, hellmonk_ecumenical_altar_prayer_group,
          uniq_natasha
D:3:      layout_basic, biasface_ghost_orc_armoury
D:4:      layout_cave_pools

Skill      XL: |  1  2  3  4  5 |
---------------+----------------+-----
Crossbows      | 5 |  5.9
Dodging        | 3 4 |  4.1
Fighting       | 3 |  3.8
Stealth        | |  1.3

Action                   |  1- 3 |  4- 6 || total
-------------------------+-------+-------++-------
 Fire: Hand crossbow     |    51 |    84 ||   135
  Use: Scroll            |       |     1 ||     1
Armor: Leather armour    |     1 |       ||     1
       Scale mail        |     7 |    12 ||    19
       Chain mail        |       |     7 ||     7
Dodge: Dodged            |    12 |    25 ||    37
